Winsalmostnever, neutral male human Tourist ---- ---- --- ---- ---- --..-- --..| --..| --..| |..-- |....| |...----------------...| |...| ---...| |-..-- |-..%..................| |..- |.....-- |...---------..(.%------------....-- --..|---.--...| -----..%.............-- |...-- ---...||...|--.-- --.|...%.%.....%.^...--- ---.|.------------.....--.------- |....(........).----...| |...|.....................|--..| |-.........%.%--- ---.--- |..----...--------.%....--|....--- |.............| |...--- --)..| |...| --......--......| ---............- --....|----....------- |.....^........-- |.......|.......| |.>..--....)...-- |...............-- ---.--...----....-- ----..........).... |....(...........| |.%.||.<-- -...| --.|..........)...... --........^..|..-| |.---|..| ..-- |............Z....... --.........-|...| --.| --.| ------.......---........- ---..........|--.----- -.^| --- |..--........---....Z..-- |............| |.....-- |...--- --............|...Z..--- |.........--.| ---....| --....| --..---.--......@.--- ---.--.|.-- -- |....| ------ ---- ------.--.--- -------- ---.-- -- -- Winsalmostnever the Excursionist Experience level: 7 Strength: 5 Dexterity: 15 Constitution: 16 Intelligence: 13 Wisdom: 9 Charisma: 16 Health: 0(82) Energy: 11(11) Def: 7 Gold: 713 Moves: 2387 Dungeon seed: i4uzvLnXg5dOJ428 Game ID: Winsalmostnever_1708897702 Your Inventory: Coins $ - 713 gold pieces Weapons a - 13 uncursed +2 darts (in quiver) t - the uncursed +0 Sting F - a cursed -2 silver saber (weapon in hand) M - 26 uncursed +0 darts Armor n - an uncursed +0 Hawaiian shirt (being worn) q - an uncursed +0 elven mithril-coat (being worn) y - an uncursed +0 dwarvish cloak (being worn) z - an uncursed +0 pair of iron shoes (being worn) N - an uncursed +0 pair of gauntlets of power Comestibles b - 3 uncursed food rations C - 3 uncursed eggs Scrolls f - 3 uncursed scrolls of magic mapping w - an uncursed scroll of enchant weapon B - an uncursed scroll of amnesia Potions e - 2 uncursed potions of extra healing x - an uncursed potion of paralysis P - an uncursed potion of sleeping Rings v - an uncursed ring of fire immunity (on left hand) O - an uncursed ring of regeneration Wands o - an uncursed wand of striking (0:0) s - an uncursed wand of cold (0:3) Tools g - an uncursed credit card h - an uncursed expensive camera (0:36) i - an uncursed leash j - an uncursed magic marker (0:0) k - an uncursed tin opener l - an uncursed towel D - an uncursed skeleton key H - a blessed oil lamp (lit) (0:1074) Spells and supernatural/magical abilities: Name Level Category Cost Memory W - pray for help -- divine ? -- Your skills at the end: Fighting Skills wands [Basic] Weapon Skills dagger [Basic] saber [Basic] dart [Skilled] Spellcasting Skills Final Attributes: You were piously aligned. You were immune to fire. You were lucky. You last prayed 3 turns ago. The Lady was noncommittal. You are dead. Vanquished creatures: a small mimic a werewolf a dust vortex a snake an orc shaman 7 gnome lords 3 gnomish wizards a kobold mummy a ghoul a straw golem a little dog 9 dwarves a kobold lord 8 hill orcs a rabid rat a wererat 5 hobbits a hobgoblin a giant rat 2 yellow molds 35 gnomes a gnome zombie 6 jackals a kobold 3 sewer rats 6 grid bugs a bat 2 lichens a newt 104 creatures vanquished. Voluntary challenges: You used a wielded weapon 125 times, starting on turn 598. You read items or engraved 6 times, starting on turn 144. You never genocided any monsters. You never polymorphed an object. You never changed form. You used no wishes. You never split a pudding. You never wrote Elbereth's name. You never violated your personal moral code. Dungeon overview: The Dungeons of Doom: levels 1 to 2 Level 1 a sink, a vault a long staircase Level 2 stairs to The Gnomish Mines The Gnomish Mines: levels 3 to 7 Level 3 stairs to The Dungeons of Doom Level 4 Level 5 Level 6 some shops, a temple to Offler, some fountains Level 7 <- You were here History has recorded: On T:1 you entered the Dungeons of Doom to retrieve the Amulet of Yendor! On T:372 you reached level 2 of The Dungeons of Doom. On T:434 you reached level 1 of The Gnomish Mines. On T:465 you advanced to experience level 2. On T:541 you advanced to experience level 3. On T:562 you advanced to experience level 4. On T:690 you reached level 2 of The Gnomish Mines. On T:783 you advanced to experience level 5. On T:1055 you reached level 3 of The Gnomish Mines. On T:1070 you advanced to experience level 6. On T:1351 you reached level 4 of The Gnomish Mines. On T:1934 you advanced to experience level 7. On T:1967 you reached level 5 of The Gnomish Mines. Score breakdown: Gold: 350 ( 8658 points) Experience: 7 levels (13645 points) Exploration: 7 levels ( 14.89%) (10834 points) Discoveries: 17 items ( 5.61%) ( 7105 points) Valuables value: (no points given unless you survive) Artifact value: 800 ( 9877 points) Variety of kills: 29 monsters ( 7.63%) ( 8287 points) Turncount: 2387 turns ( -262 points) Survival: died (score multiplied by 80%) Total score: 46515 Latest messages: Your zombification disease builds up critically! The dart hits the human zombie. The dart hits the human zombie! The human zombie hits! Your zombification disease builds up critically! You throw 2 darts. The 1st dart hits the human zombie. The 2nd dart hits the human zombie. The human zombie hits! Your zombification disease builds up critically! You begin praying to The Lady. You are surrounded by a shimmering light. The human zombie starts to attack you, but pulls back. (2x) The elf zombie starts to attack you, but pulls back. You feel that The Lady is well-pleased. You feel better. Your zombifying disease is cured. [3 turns] The human zombie hits! You attain a minor zombification disease. You die... Final status: Aloha Winsalmostnever the Tourist, killed by a human zombie... You died in The Gnomish Mines on dungeon level 7 with 46515 points, and 713 pieces of gold, after 2387 moves. You were level 7 with a maximum of 82 hit points when you died.